 Dungeon Crawl Stone Soup version 0.23-a0-767-gdc19b93d68 (webtiles) character file.

1815 Napalmbreeze the Merchant of Misery (level 9, -5/65 HPs)
             Began as a Human Necromancer on Jan 29, 2019.
             Was a Believer of Kikubaaqudgha.
             Shot with a sling bullet by Joseph (6 damage)
             ... on level 7 of the Dungeon.
             The game lasted 00:31:01 (6706 turns).

Napalmbreeze the Merchant of Misery (HuNe)          Turns: 6706, Time: 00:31:10

Health: -5/65      AC: 14    Str: 14    XL:     9   Next: 31%
Magic:  10/16      EV: 11    Int: 21    God:    Kikubaaqudgha [**....]
Gold:   330        SH:  0    Dex: 10    Spells: 8/17 levels left

rFire    + . .     SeeInvis .   D - +4 spear (venom)
rCold    . . .     Gourm    .   (no shield)
rNeg     . . .     Faith    .   y - +4 ring mail "Finyu" {rPois Int+2 Dex-3}
rPois    +         Spirit   .   m - +1 hat
rElec    .         Reflect  .   e - +0 cloak
rCorr    .         Harm     .   (no gloves)
MR       .....                  (no boots)
Stlth    +.........             (no amulet)
HPRegen  0.20/turn              b - +3 ring of protection
MPRegen  0.15/turn              f - ring of protection from fire

@: mighty
A: no striking features
a: Receive Corpses, Renounce Religion


You were on level 7 of the Dungeon.
You worshipped Kikubaaqudgha.
Kikubaaqudgha was pleased with you.
You were hungry.

You visited 1 branch of the dungeon, and saw 7 of its levels.

You collected 330 gold pieces.

Inventory:

Hand Weapons
 i - a +2 whip of electrocution
 D - a +4 spear of venom (weapon)
Missiles
 d - 33 poisoned needles
 t - 4 javelins (quivered)
Armour
 a - a +0 robe
 e - a +0 cloak (worn)
 m - a +1 hat (worn)
 w - a +1 buckler of resistance
 y - the +4 ring mail "Finyu" (worn) {rPois Int+2 Dex-3}
   (You found it on level 4 of the Dungeon)

   It affects your intelligence (+2).
   It affects your dexterity (-3).
   It protects you from poison.
Jewellery
 b - a +3 ring of protection (left hand)
 f - a ring of protection from fire (right hand)
 z - a +6 ring of slaying {unknown}
 A - an uncursed amulet of the acrobat {unknown}
Scrolls
 g - 2 scrolls of teleportation {unknown}
 h - 4 scrolls of identify {unknown}
 k - a scroll of amnesia {unknown}
 n - 7 scrolls of remove curse
 p - 2 scrolls of enchant armour {unknown}
 r - 3 scrolls of fear {unknown}
 s - 2 scrolls of blinking {unknown}
 v - a scroll of magic mapping {unknown}
 C - 2 scrolls of fog {unknown}
 E - a scroll of immolation {unknown}
Potions
 j - 2 potions of berserk rage {unknown}
 l - 2 potions of agility {unknown}
 o - 2 potions of mutation {unknown}
 q - 2 potions of heal wounds {unknown}
 u - a potion of flight {unknown}
 x - a potion of might
 B - a potion of degeneration {unknown}
 F - a potion of lignification {unknown}
Comestibles
 c - 6 rations


   Skills:
 - Level 4.0 Fighting
 - Level 3.3 Maces & Flails
 + Level 2.6 Polearms
 - Level 2.0 Dodging
 - Level 2.0 Stealth
 + Level 3.6 Shields
 + Level 4.9 Spellcasting
 * Level 8.2 Necromancy


You had 8 spell levels left.
You knew the following spells:

 Your Spells              Type           Power        Failure   Level  Hunger
a - Pain                  Necr           ####         1%          1    None
c - Animate Skeleton      Necr           N/A          1%          1    None
f - Vampiric Draining     Necr           #####.....   2%          3    ##.....
x - Animate Dead          Necr           N/A          8%          4    ####...

Your spell library contained the following spells:

 Spells                   Type           Power        Failure   Level  Hunger
 Corpse Rot               Necr           N/A          1%          2    None
 Sublimation of Blood     Necr           #####.....   1%          2    None
 Regeneration             Chrm/Necr      ###.......   12%         3    ##.....


Dungeon Overview and Level Annotations

Branches:
Dungeon (7/15)
 Temple: D:4-7

Altars:
Dithmenos
Kikubaaqudgha
Qazlal
Wu Jian
The Shining One

Shops:
D:4 =

Annotations:
D:7 Joseph


Message History

Your scorpion zombie hits Joseph but does no damage.
Joseph unwields a +0 quarterstaff.
Joseph wields a +0 hunting sling.
Joseph shoots a sling bullet.
The sling bullet barely misses your scorpion zombie.
The sling bullet hits you!
* * * LOW HITPOINT WARNING * * *
Your adder zombie bites Joseph but does no damage.
Attack whom?
Press: ? - help, Dir - move target cursor, f/p - Joseph
Aim: Joseph, wielding a +0 hunting sling and wearing a cursed -1 ring mail (severely wounded, poisoned)
You could not reach far enough!
Your scorpion zombie hits Joseph.
Your adder zombie bites Joseph but does no damage.
Unknown command.
It was a potion of might.
You feel very mighty all of a sudden.
Joseph shoots a sling bullet.
The sling bullet closely misses your scorpion zombie.
The sling bullet hits you.
You die...
Kikubaaqudgha rasps: "You have failed me!
Welcome... death!"

# ####.#
##.....# #
#.# #.....###
# #.#
#<......! #
#.# #....#.##
# #.# #.#.##
# ##### #.#
#.#.#
#...#####.#
#...#
..#......
###.# .#
#...# #@# .#
##..# #Z# .#
#..#
########@#
@### ##..#
#.......Z#
.S. ....#
#.######.##.#
.##.# #.#
#...@# .##[#
#.# ###.##
.##[#####.#
#.#
.##.......#
#.#


You could see Joseph, a friendly adder zombie and a friendly scorpion zombie.

Vanquished Creatures
  2 sky beasts (D:5)
  3 ogres
  2 phantoms
  2 centaurs
  2 crimson imps
  A hound (D:4)
  7 orc priests
  A bullfrog skeleton (D:5)
  An iguana (D:4)
  10 orc wizards
  2 worker ants
  2 hound skeletons
  A worker ant zombie (D:6)
  3 gnolls (D:5)
  5 adders
  2 oozes
  An adder zombie (D:7)
  3 worms
  2 dart slugs
  2 leopard geckos (D:1)
  18 orcs
  3 ball pythons
  3 giant cockroaches
  4 hobgoblins
  10 jackals
  2 quokkas
  2 bats
  2 frilled lizards (D:1)
  3 goblins
  10 kobolds
  A quokka skeleton (D:5)
  A quokka zombie (D:5)
  A rat (D:1)
114 creatures vanquished.

Vanquished Creatures (collateral kills)
  A black bear (D:6)
  An ogre (D:4)
  2 orc priests
  An orc wizard (D:5)
  A gnoll (D:5)
  2 adders
  2 worms (D:4)
  2 orcs
  A bat (D:2)
  A frilled lizard (D:4)
14 creatures vanquished.

Grand Total: 128 creatures vanquished

Notes
Turn   | Place    | Note
-------+----------+-------------------------------------------
     0 | D:1      | Napalmbreeze the Human Necromancer began the quest for the
                  | Orb.
     0 | D:1      | Reached XP level 1. HP: 13/13 MP: 3/3
     2 | D:1      | Learned a level 1 spell: Animate Skeleton
   279 | D:1      | Reached XP level 2. HP: 17/19 MP: 5/5
   677 | D:1      | Reached XP level 3. HP: 2/25 MP: 0/6
  1378 | D:1      | Learned a level 3 spell: Vampiric Draining
  1406 | D:2      | Reached skill level 1 in Fighting
  1451 | D:2      | Found a stormy altar of Qazlal.
  1594 | D:2      | Found a glowing golden altar of the Shining One.
  1728 | D:2      | Found an ancient bone altar of Kikubaaqudgha.
  1744 | D:2      | Became a worshipper of Kikubaaqudgha
  1955 | D:2      | Found an ornate altar of the Wu Jian Council.
  2120 | D:3      | Reached XP level 4. HP: 32/32 MP: 7/7
  2611 | D:3      | Reached skill level 5 in Necromancy
  2611 | D:3      | Reached XP level 5. HP: 36/38 MP: 4/9
  2882 | D:3      | Reached skill level 1 in Maces & Flails
  2950 | D:3      | Learned a level 4 spell: Animate Dead
  3107 | D:4      | Noticed a phantom
  3164 | D:4      | Killed a phantom
  3164 | D:4      | Reached XP level 6. HP: 35/44 MP: 10/10
  3462 | D:4      | Noticed an ogre
  3472 | D:4      | Killed an ogre
  3472 | D:4      | Reached skill level 6 in Necromancy
  3472 | D:4      | Reached XP level 7. HP: 5/51 MP: 3/12
  3971 | D:4      | Found a shadowy altar of Dithmenos.
  3997 | D:4      | Reached skill level 1 in Shields
  4061 | D:4      | Reached * piety under Kikubaaqudgha
  4061 | D:4      | Identified Kikubaaqudgha's Grimoire of Unholy Secrets
                  | (Kikubaaqudgha gifted it to you on level 4 of the Dungeon)
  4061 | D:4      | Received a gift from Kikubaaqudgha
  4089 | D:4      | Got a bloodstained ring mail
  4101 | D:4      | Identified the +4 ring mail "Finyu" {rPois Int+2 Dex-3}
                  | (You found it on level 4 of the Dungeon)
  4167 | D:4      | Found Sittigu's Jewellery Shoppe.
  4214 | D:5      | Entered Level 5 of the Dungeon
  4610 | D:5      | Reached XP level 8. HP: 45/58 MP: 7/13
  4922 | D:5      | Reached skill level 7 in Necromancy
  5232 | D:5      | Found a stormy altar of Qazlal.
  5648 | D:5      | Reached skill level 1 in Polearms
  5858 | D:6      | Found an ancient bone altar of Kikubaaqudgha.
  5898 | D:6      | Reached XP level 9. HP: 36/65 MP: 12/15
  6259 | D:6      | Reached skill level 8 in Necromancy
  6277 | D:6      | Reached ** piety under Kikubaaqudgha
  6668 | D:7      | Noticed Joseph
  6704 | D:7      | HP: 1/65 [Joseph/sling bullet (17)]
  6706 | D:7      | Shot with a sling bullet by Joseph

Vault maps used:
D:1:      lemuel_arrival_broad_hall
D:2:      grunt_qazlal_sundering, old_standard_altar, old_standard_altar,
          nicolae_tso_carved_into_rock
D:4:      lemuel_doored_altar, serial_shops, shop, kennysheep_generic_room_13
D:5:      basic_altar, first_ration, fountainhead
D:6:      basic_altar, minmay_misc_feat_more_columns
D:7:      nicolae_overflow_crystal_walls, nicolae_ru_great_annihilating_truth,
          minmay_temple_entry_slanted, minmay_misc_feat_columns, uniq_joseph,
          uniq_crazy_yiuf_cottage

Skill      XL: |  1  2  3  4  5  6  7  8  9 |
---------------+----------------------------+-----
Fighting       | 1 2 3 4 |  4.0
Necromancy     | 5 6 7 8 |  8.2
Maces & Flails | 1 2 3 |  3.3
Spellcasting   | 3 4 |  4.9
Shields        | 1 3 |  3.6
Polearms       | 1 2 |  2.6
Dodging        | |  2.0
Stealth        | |  2.0

Action                   |  1- 3 |  4- 6 |  7- 9 || total
-------------------------+-------+-------+-------++-------
Melee: Spear             |    50 |       |   145 ||   195
       Whip              |    27 |    76 |    77 ||   180
Throw: Stone             |     2 |     1 |       ||     3
       Javelin           |       |     6 |     9 ||    15
 Cast: Pain              |    21 |    38 |    26 ||    85
       Animate Skeleton  |     5 |     2 |       ||     7
       Vampiric Draining |     1 |     1 |       ||     2
       Animate Dead      |       |     1 |    15 ||    16
Invok: Receive Corpses   |       |       |     2 ||     2
  Use: Scroll            |       |       |     1 ||     1
       Potion            |       |       |     1 ||     1
 Stab: Sleeping          |     4 |     1 |     1 ||     6
       Distracted        |     1 |       |     3 ||     4
  Eat: Chunk             |     4 |     5 |    10 ||    19
       Ration            |       |       |     1 ||     1
Armor: Robe              |    14 |    17 |     2 ||    33
       Ring mail         |       |       |   123 ||   123
Dodge: Dodged            |    53 |    37 |    89 ||   179

Table legend:
 A = Non-vault XP
 B = Vault XP
 C = Vault XP percentage of total XP
 D = Non-vault monster count
 E = Vault monster count
 F = Vault count percentage of total count
                 A         B        C        D         E       F
            +---------+---------+-------+---------+---------+-------
      Total |    2593 |       0 |   0.0 |     128 |       0 |   0.0
            +---------+---------+-------+---------+---------+-------
        D:1 |      40 |       0 |   0.0 |      22 |       0 |   0.0
        D:2 |      30 |       0 |   0.0 |       8 |       0 |   0.0
        D:3 |      99 |       0 |   0.0 |      16 |       0 |   0.0
        D:4 |     681 |       0 |   0.0 |      26 |       0 |   0.0
        D:5 |     874 |       0 |   0.0 |      23 |       0 |   0.0
        D:6 |     732 |       0 |   0.0 |      30 |       0 |   0.0
        D:7 |     137 |       0 |   0.0 |       3 |       0 |   0.0
            +---------+---------+-------+---------+---------+-------
